 Dungeon Crawl Stone Soup version 0.25.1-2-g60ff931df9 (webtiles) character file.

Game seed: 17322239327402278506

51 hawla the Stinger (level 3, -3/39 HPs)
             Began as a Draconian Venom Mage on Nov 12, 2020.
             Slain by Grinder (5 damage)
             ... on level 3 of the Dungeon.
             The game lasted 00:04:55 (1769 turns).

hawla the Stinger (Draconian Venom Mage)            Turns: 1769, Time: 00:04:55

Health: -3/39      AC:  5    Str: 10    XL:     3   Next: 57%
Magic:  1/6        EV: 12    Int: 16    God:
Gold:   113        SH:  0    Dex: 11    Spells: 3/6 levels left

rFire    . . .     SeeInvis .   (no weapon)
rCold    . . .     Gourm    .   (no shield)
rNeg     . . .     Faith    .   (armour unavailable)
rPois    .         Spirit   .   (helmet restricted)
rElec    .         Reflect  .   (no cloak)
rCorr    .         Harm     .   (no gloves)
MR       .....                  (no boots)
Stlth    ..........             (no amulet)
HPRegen  0.13/turn              j - ring of attention (curse)
MPRegen  0.10/turn              (no ring)

@: berserking, very quick
A: unfitting armour, cold-blooded, AC +5
a: no special abilities


You were on level 3 of the Dungeon.
You were hungry.

You visited 1 branch of the dungeon, and saw 3 of its levels.

You collected 113 gold pieces.

Inventory:

Jewellery
 j - a cursed ring of attention (left hand)
Potions
 c - a potion of cancellation {unknown}
 d - a potion of heal wounds {unknown}
 e - 3 potions of curing {unknown}
 f - a potion of flight {unknown}
 h - a potion of resistance {unknown}
Comestibles
 b - 2 rations


   Skills:
 - Level 1.7 Dodging
 - Level 1.7 Stealth
 - Level 2.0 Spellcasting
 + Level 2.3 Transmutations
 + Level 1.0 Air Magic
 + Level 3.7 Poison Magic


You had 3 spell levels left.
You knew the following spells:

 Your Spells              Type           Power        Failure   Level  Hunger
a - Sting                 Tmut/Pois      ##..         6%          1    #......
b - Poisonous Vapours     Pois/Air       #.....       12%         2    ###....

Your spell library contained the following spells:

 Spells                   Type           Power        Failure   Level  Hunger
 Ignite Poison            Fire/Tmut/Pois #.......     26%         3    ###....
 Mephitic Cloud           Conj/Pois/Air  #.......     32%         3    ###....
 Olgreb's Toxic Radiance  Pois           ##......     41%         4    #####..


Dungeon Overview and Level Annotations

Branches:
Dungeon (3/15)

Altars:
Sif Muna

Annotations:
D:3 Grinder


Innate Abilities, Weirdness & Mutations

Your plain brown scales are hard. (AC +5)
You cannot fit into any form of body armour.
You are cold-blooded and may be slowed by cold attacks.


Message History

You punch Grinder!
Grinder is moderately wounded.
Grinder closely misses you.
You closely miss Grinder.
Grinder is moderately wounded.
You barely miss Grinder. You tail-slap Grinder.
Grinder is moderately wounded.
The frilled lizard bites you.
* * * LOW HITPOINT WARNING * * *
Grinder gestures at you. You resist with significant effort.
The leopard gecko barely misses you.
You closely miss Grinder.
Grinder is moderately wounded.
The frilled lizard bites you but does no damage.
The leopard gecko bites you.
* * * LOW HITPOINT WARNING * * *
Grinder hits you.
* * * LOW HITPOINT WARNING * * *
You writhe in agony.
You die...

..#.# ..#.. #. .##.
....# ## #...## .#
.[# ...##.+ ...
#.#..# .. #.5@# ##.
##.ll###
#..##.%#...###
###.............#
#.......%.......#
#..#.............
...#..##............
....................
......>.#.........)#


You could see Grinder, a leopard gecko and a frilled lizard.

Vanquished Creatures
  An adder (D:2)
  A dart slug (D:3)
  2 orcs (D:3)
  3 giant cockroaches
  6 goblins
  2 hobgoblins (D:1)
  2 jackals (D:3)
  7 kobolds
  A quokka (D:3)
  3 bats
  A frilled lizard (D:1)
  4 rats (D:1)
33 creatures vanquished.

Vanquished Creatures (others)
  7 toadstools (D:1)
7 creatures vanquished.

Grand Total: 40 creatures vanquished

Notes
Turn   | Place    | Note
-------+----------+-------------------------------------------
     0 | D:1      | hawla the Draconian Venom Mage began the quest for the Orb.
     0 | D:1      | Reached XP level 1. HP: 14/14 MP: 3/3
   105 | D:1      | You fall into a shaft and drop 1 floor!
   368 | D:2      | Reached XP level 2. HP: 15/20 MP: 1/5
   372 | D:2      | Learned a level 2 spell: Poisonous Vapours
  1138 | D:2      | Reached XP level 3. HP: 26/26 MP: 1/6
  1213 | D:2      | Found a shimmering blue altar of Sif Muna.
  1736 | D:3      | Reached skill level 1 in Air Magic
  1757 | D:3      | Noticed Grinder
  1769 | D:3      | Slain by Grinder

Illustrated notes

Levels and vault maps discovered:
D:1:      nagdon_arrival_double_spiral, layout_rooms
D:2:      layout_loops_cross, old_standard_altar
D:3:      layout_rooms, first_ration, kennysheep_generic_room_14,
          uniq_crazy_yiuf_cottage, uniq_grinder

Skill      XL: |  1  2  3 |
---------------+----------+-----
Transmutations | 2 |  2.3
Air Magic      | 1 |  1.0
Dodging        | |  1.7
Stealth        | |  1.7
Spellcasting   | |  2.0
Poison Magic   | |  3.7

Action                   || total
-------------------------++-------
Melee: Unarmed           ||    20
       Tailslap          ||     2
 Cast: Sting             ||    23
       Poisonous Vapours ||    23
  Use: Scroll            ||     4
       Potion            ||     1
  Eat: Chunk             ||     4
Armor: Skin              ||    13
Dodge: Dodged            ||    30
